 Dungeon Crawl Stone Soup version 0.30-a0-711-gf4ac18a38d (webtiles) character file.

Game seed: 545059309313756093

11678 Newt the Basher (level 11, -2/75 HPs)
             Began as a Demonspawn Gladiator on Jan 22, 2023.
             Was a High Priest of Hepliaklqana.
             Slain by a dire elephant (10 damage)
             ... on level 2 of the Lair of Beasts.
             The game lasted 00:09:57 (8620 turns).

Newt the Basher (Demonspawn Gladiator)              Turns: 8620, Time: 00:09:58

Health: -2/75      AC: 17    Str: 31    XL:     11   Next: 52%
Magic:  17/17      EV: 10    Int: 10    God:    Hepliaklqana [*****.]
Gold:   474        SH: 16    Dex: 11    Spells: 10/10 levels left

rFire   . . .      SeeInvis .    a - +1 whip (venom)
rCold   + . .      Faith    .    y - +0 kite shield
rNeg    . . .      Spirit   .    q - +3 scale mail "Eruckeebe" {rC+ Will+ Dex-3}
rPois   .          Reflect  .    (helmet restricted)
rElec   .          Harm     +    (no cloak)
rCorr   +          Rampage  .    f - +0 pair of gloves of Protective Custody {Harm Drain rCorr Str+6}
Will    +....                    w - +1 pair of boots Stlth
                                 E - amulet of the acrobat
HPRegen 0.32/turn                p - +4 ring of protection
MPRegen 0.15/turn                Z - +6 ring of strength

@: studying Maces & Flails
A: reduced essence, antennae 2, large bone plates 2, demonic magic 1
a: Renounce Religion, Recall Ancestor, Ancestor Identity, Transference, Idealise


You were on level 2 of the Lair of Beasts.
You worshipped Hepliaklqana.
Hepliaklqana was extremely pleased with you.
You visited 2 branches of the dungeon, and saw 10 of its levels.

You collected 474 gold pieces.

Inventory:

Hand Weapons
 a - a +1 whip of venom (weapon)
 b - a +2 flail of protection
 j - a +0 dagger of venom
 H - a +1 rapier
 M - a +1 antimagic whip
Missiles
 d - 4 throwing nets
 e - 7 javelins
 n - 135 stones (quivered)
 o - 22 poisoned darts
 L - 3 silver boomerangs
 X - 4 boomerangs
 Y - 2 silver javelins
Armour
 c - a +0 helmet
 f - the +0 pair of gloves of Protective Custody (worn) {Harm Drain rCorr Str+6}
   (You found it on level 4 of the Dungeon)

   Str:       It affects your strength (+6).
   rCorr:     It protects you from acid and corrosion.
   Drain:     It drains your maximum health when unequipped.
   Harm:      It increases damage dealt and taken.
 q - the +3 scale mail "Eruckeebe" (worn) {rC+ Will+ Dex-3}
   (You found it on level 2 of the Dungeon)

   Dex:       It affects your dexterity (-3).
   rC:        It protects you from cold.
   Will:      It increases your willpower.
 w - a +1 pair of boots (worn)
 y - a +0 kite shield (worn)
 A - a +3 leather armour
 K - a +0 leather armour
 U - the +3 scale mail of Dishonesty {rF+}
   (You found it on level 8 of the Dungeon)

   rF:        It protects you from fire.
Jewellery
 p - a +4 ring of protection (left hand)
 E - an amulet of the acrobat (around neck)
 I - a ring of protection from cold
 Z - a +6 ring of strength (right hand)
Wands
 F - a wand of iceblast (24)
 S - a wand of flame (17)
Scrolls
 g - 2 scrolls of teleportation
 t - a scroll of poison
 C - a scroll of enchant weapon
 D - 2 scrolls of magic mapping
 G - 2 scrolls of vulnerability
 J - a scroll of fear {unknown}
 O - a scroll of blinking
 R - a scroll of silence {unknown}
 T - 2 scrolls of noise {unknown}
 W - 2 scrolls of amnesia {unknown}
Potions
 h - a potion of ambrosia
 i - 2 potions of lignification
 k - 2 potions of degeneration
 l - 6 potions of heal wounds
 m - 2 potions of cancellation
 r - 2 potions of haste
 s - a potion of resistance
 u - a potion of magic
 v - 4 potions of brilliance
 x - 3 potions of attraction
 z - a potion of might
 B - 2 potions of curing
 N - 2 potions of invisibility
 P - a potion of berserk rage {unknown}
 Q - a potion of mutation {unknown}


   Skills:
 + Level 7.1 Fighting
 - Level 2.6 Short Blades
 - Level 10.0 Maces & Flails
 - Level 6.0 Throwing
 - Level 5.0 Armour
 - Level 4.0 Dodging
 - Level 2.0 Stealth
 - Level 8.0 Shields
 - Level 9.0 Invocations
 - Level 5.0 Evocations


You had 10 spell levels left.
You didn't know any spells.
Your spell library contained the following spells:

 Spells                   Type           Power      Damage    Failure   Level
 Magic Dart               Conj           0%         1d3       88%         1
 Shock                    Conj/Air       0%         1d3       88%         1
 Scorch                   Fire           0%         2d5       95%         2
 Searing Ray              Conj           0%         2d4       95%         2
 Call Canine Familiar     Summ           0%         N/A       99%         3
 Portal Projectile        Hex/Tloc       0%         N/A       99%         3
 Swiftness                Air            0%         N/A       99%         3
 Airstrike                Air            0%         2d(0-16)  100%        4
 Flame Wave               Conj/Fire      0%         2d4       100%        4
 Fulminant Prism          Conj/Hex       0%         3d5       100%        4
 Leda's Liquefaction      Hex/Erth       0%         N/A       100%        4
 Summon Cactus Giant      Summ           0%         N/A       100%        6


Dungeon Overview and Level Annotations

Branches:
Dungeon (8/15)             Temple (0/1) D:7            Lair (2/5) D:8
  Swamp: Lair:2-3    Shoals: Lair:2-3     Snake: Lair:2-3    Spider: Lair:2-3

Altars:
Gozag
Hepliaklqana
Okawaru

Shops:
D:1 ?


Innate Abilities, Weirdness & Mutations

Your life essence is reduced to manifest your ancestor. (-10% HP)
You have a pair of antennae on your head.
You are mostly covered in large bone plates. (SH +6)
Spells you cast may paralyse adjacent enemies.


Message History

The elephant is almost dead.
You block the elephant's attack. The elephant barely misses you.
Dagmar barely misses the elephant.
You block the spriggan's attack.
You hit the elephant.
The elephant is almost dead.
You block the elephant's attack.
The elephant trunk-slaps you but does no damage.
Dagmar hits the elephant with a +0 quarterstaff!!
The elephant dies!
The spriggan misses you.
Training target 8.0 for Shields reached!
Your Shields skill increases to level 8!
You need to enable at least one skill for training.
You hit the spriggan.
The spriggan is moderately wounded.
Dagmar hits the spriggan with a +0 quarterstaff.
The spriggan hits you but does no damage.
You sock the spriggan!
The spriggan is almost dead.
Dagmar hits the spriggan with a +0 quarterstaff!
The spriggan dies!
No target in view!
No target in view!
Your +2 flail of protection goes still.
Your +1 whip of venom begins to drip with poison!
a - a +1 whip of venom (weapon)
You start resting.
Magic restored.
You start resting.
HP restored.
You climb downwards.
The elephant closely misses you.
The elephant trunk-slaps you but does no damage.
The elephant tramples you!
You stumble backwards!
The dire elephant tramples you!!
You hold your ground!
You block the dire elephant's attack. You block the elephant's attack.
The elephant trunk-slaps you but does no damage.
The dire elephant tramples you!!
* * * LOW HITPOINT WARNING * * *
You hold your ground!
The dire elephant trunk-slaps you!
You die...

.....♣ .PP...PP{ ......♣
♣....P
.......♣♣♣♣♣♣....♣♣♣♣♣♣.
........................
#..............†........
........................
................$........
##......RY.#......#.#....
#.......Y@..............
##......Y...............
#......P.........P.....#
##..#.......P.#........#
#####..#.#...#....#....
#..###...#..)P..##. ###
#...........#
###..##....## #######.##


You could see the friendly Dagmar the battlemage, a dire elephant and 2
elephants.

Vanquished Creatures
  A two-headed ogre (D:8)
  Pikel (D:6)
  5 elephants
  3 cane toads
  3 komodo dragons (Lair:1)
  A yak (Lair:1)
  A steam dragon (D:6)
  Edmund (D:6)
  3 water moccasins
  An orc warrior (D:8)
  A kobold brigand (D:8)
  4 bullfrogs
  A scorpion (D:7)
  3 killer bees (D:8)
  A howler monkey (D:7)
  An orc priest (D:7)
  Natasha (D:2)
  An iguana (D:4)
  2 orc wizards
  Robin (D:3)
  10 gnolls
  2 adders
  A white imp (D:7)
  A dart slug (D:4)
  5 orcs
  3 endoplasms
  11 goblins
  7 hobgoblins
  2 jackals (D:1)
  5 quokkas
  A ball python (D:4)
  A bat (D:1)
  2 frilled lizards (D:1)
  8 kobolds
95 creatures vanquished.

Vanquished Creatures (collateral kills)
  Gastronok (Lair:1)
  Erica (Lair:1)
  3 elephants
  2 cane toads (Lair:1)
  Maggie (D:6)
  Eustachio (D:6)
  A spriggan (Lair:1)
  5 yaks (Lair:1)
  Menkaure (D:6)
  2 water moccasins (D:7)
  An ice beast (D:7)
  A sky beast (D:8)
  An orc warrior (D:6)
  An ogre (D:7)
  A lemure (D:6)
  A gnoll sergeant (D:5)
  A bullfrog (D:7)
  2 killer bees (D:8)
  2 hounds (D:4)
  A gnoll bouda (D:6)
  A jelly (D:7)
  Terence (D:2)
  An iguana (D:6)
  Natasha (twice) (D:2)
  An orc wizard (D:6)
  5 adders
  7 gnolls
  A shadow imp (D:7)
  A worm (D:3)
  2 dart slugs
  10 orcs
  3 bats
  2 giant cockroaches
  5 goblins
  8 hobgoblins
  4 kobolds (D:8)
  A quokka (D:4)
  A ball python (D:4)
  A rat (D:3)
87 creatures vanquished.

Vanquished Creatures (others)
  2 battlemagi
  30 fungi
  26 plants
58 creatures vanquished.

Grand Total: 240 creatures vanquished

Notes
Turn   | Place    | Note
-------+----------+-------------------------------------------
     0 | D:1      | Newt the Demonspawn Gladiator began the quest for the Orb.
     0 | D:1      | Reached XP level 1. HP: 16/16 MP: 1/1
   124 | D:1      | Found a faded altar of an unknown god.
   130 | D:1      | Reached skill level 1 in Stealth
   135 | D:1      | Prayed at the altar of an unknown god.
   135 | D:1      | Became a worshipper of Hepliaklqana the Forgotten
   135 | D:1      | Reached * piety under Hepliaklqana
   160 | D:1      | Found Rufam's Magic Scroll Boutique.
   316 | D:1      | Gained mutation: You have a pair of small antennae on your
                  | head. [demonic ancestry]
   316 | D:1      | Reached XP level 2. HP: 18/19 MP: 2/2
  1142 | D:2      | Reached ** piety under Hepliaklqana
  1143 | D:2      | Remembered your ancestor Dagmar as a battlemage
  1211 | D:2      | Gained mutation: You are partially covered in large bone
                  | plates. (SH +4) [demonic ancestry]
  1211 | D:2      | Reached XP level 3. HP: 21/25 MP: 3/3
  1285 | D:2      | Noticed Terence
  1285 | D:2      | Noticed Natasha
  1292 | D:2      | Killed Terence
  1293 | D:2      | Killed Natasha
  1294 | D:2      | Reached XP level 4. HP: 15/33 MP: 4/4
  1303 | D:2      | Identified the +3 scale mail "Eruckeebe" {rC+ Will+ Dex-3}
  1543 | D:2      | Noticed Natasha
  1549 | D:2      | Killed Natasha
  1735 | D:2      | Found an opulent altar of Gozag.
  1864 | D:2      | Noticed Natasha
  1873 | D:2      | Killed Natasha
  1874 | D:2      | Reached XP level 5. HP: 37/37 MP: 5/5
  2166 | D:3      | Noticed Robin
  2171 | D:3      | Killed Robin
  2521 | D:3      | Reached *** piety under Hepliaklqana
  2753 | D:4      | Identified the +0 pair of gloves of Protective Custody
                  | {Harm Drain rCorr Str+6}
  3049 | D:4      | Reached XP level 6. HP: 43/43 MP: 6/6
  3336 | D:5      | Entered Level 5 of the Dungeon
  3697 | D:5      | Reached skill level 5 in Throwing
  3697 | D:5      | Reached **** piety under Hepliaklqana
  4268 | D:6      | Noticed a water moccasin
  4275 | D:6      | Killed a water moccasin
  4276 | D:6      | Reached XP level 7. HP: 47/48 MP: 7/7
  4319 | D:6      | Reached skill level 1 in Armour
  4326 | D:6      | Noticed Pikel
  4340 | D:6      | Killed Pikel
  4341 | D:6      | Reached skill level 5 in Armour
  4341 | D:6      | Reached XP level 8. HP: 38/54 MP: 8/8
  4361 | D:6      | Noticed Eustachio
  4373 | D:6      | Killed Eustachio
  4374 | D:6      | Reached skill level 1 in Shields
  4451 | D:6      | Noticed Maggie
  4452 | D:6      | Identified a scroll of acquirement
  4452 | D:6      | Acquired a manual of Maces & Flails
  4461 | D:6      | Killed Maggie
  4504 | D:6      | Noticed Menkaure
  4513 | D:6      | Killed Menkaure
  4754 | D:6      | Reached skill level 5 in Shields
  4754 | D:6      | Reached skill level 1 in Maces & Flails
  4893 | D:6      | Noticed Edmund
  4902 | D:6      | Killed Edmund
  4903 | D:6      | Reached skill level 2 in Maces & Flails
  4903 | D:6      | Gained mutation: You are mostly covered in large bone
                  | plates. (SH +6) [demonic ancestry]
  4903 | D:6      | Reached XP level 9. HP: 44/58 MP: 9/9
  5119 | D:7      | Reached skill level 3 in Maces & Flails
  5136 | D:7      | Found a staircase to the Ecumenical Temple.
  5218 | D:7      | Reached skill level 4 in Maces & Flails
  5255 | D:7      | Found an iron altar of Okawaru.
  5282 | D:7      | Reached skill level 5 in Maces & Flails
  5343 | D:7      | Reached skill level 6 in Maces & Flails
  5464 | D:7      | Reached skill level 7 in Maces & Flails
  5712 | D:8      | Found a staircase to the Lair.
  5748 | D:8      | Reached skill level 8 in Maces & Flails
  5934 | D:8      | Identified the +3 scale mail of Dishonesty {rF+}
  5938 | D:8      | Noticed a two-headed ogre
  5950 | D:8      | Killed a two-headed ogre
  5951 | D:8      | Reached skill level 10 in Maces & Flails
  6082 | D:8      | Reached skill level 5 in Fighting
  6323 | D:8      | Reached ***** piety under Hepliaklqana
  6605 | D:8      | Gained mutation: You have a pair of antennae on your head.
                  | [demonic ancestry]
  6605 | D:8      | Reached XP level 10. HP: 68/68 MP: 10/10
  6862 | Lair:1   | Entered Level 1 of the Lair of Beasts
  6910 | Lair:1   | Noticed a cane toad
  6925 | Lair:1   | Killed a cane toad
  6931 | Lair:1   | Reached skill level 1 in Invocations
  7165 | Lair:1   | Reached skill level 5 in Invocations
  7246 | Lair:1   | Noticed a cane toad
  7252 | Lair:1   | Killed a cane toad
  7406 | Lair:1   | Noticed Gastronok
  7421 | Lair:1   | Killed Gastronok
  7675 | Lair:1   | Noticed a cane toad
  7683 | Lair:1   | Killed a cane toad
  7872 | Lair:2   | Noticed an elephant
  7872 | Lair:2   | Noticed an elephant
  7872 | Lair:2   | Noticed an elephant
  7872 | Lair:2   | Noticed Erica
  7872 | Lair:2   | Noticed a cane toad
  7885 | Lair:1   | Killed a cane toad
  7886 | Lair:1   | Gained mutation: Spells you cast may paralyse adjacent
                  | enemies. [demonic ancestry]
  7886 | Lair:1   | Reached XP level 11. HP: 39/75 MP: 15/17
  8017 | Lair:1   | Reached skill level 5 in Evocations
  8207 | Lair:1   | Killed Erica
  8532 | Lair:2   | Noticed a dire elephant
  8620 | Lair:2   | Slain by a dire elephant

Illustrated notes

Levels and vault maps discovered:
D:1:      onia_arrival_mini_spirals, layout_loops_ring, serial_shops,
          nicolae_square_shop, basic_ecumenical_altar, grunt_decor_junction,
          serial_bayou_crossing
D:2:      layout_basic, basic_altar, serial_bayou_lake_a, uniq_terence,
          uniq_natasha
D:3:      layout_rooms, serial_rivers, chequers_serial_rivers_micro_d,
          chequers_serial_rivers_room_b, chequers_serial_rivers_large_a,
          chequers_serial_rivers_marsh, chequers_serial_rivers_room_b,
          chequers_serial_rivers_marsh, minmay_bisected, uniq_robin
D:4:      layout_basic, hangedman_decor_clover_reticule
D:5:      layout_cave_pods, minmay_misc_feat_room
D:6:      layout_cave_pools, hellmonk_bongcloud_opening, uniq_maggie,
          uniq_edmund, uniq_menkaure, uniq_pikel, uniq_eustachio
D:7:      layout_basic, okawaru_metal_pillars_1_2, minmay_temple_entry_overgrown
D:8:      corexii_shantytown, layout_loops_corners, dpeg_oklobed_lair
Lair:1:   layout_misc_corridors, uniq_gastronok
Lair:2:   mu_elephants_graveyard, layout_cave_shapes, elwin_shoals_entry_rocks,
          guppyfry_snake_entry_island, uniq_erica

Skill      XL: |  1  2  3  4  5  6  7  8  9 10 11 |
---------------+----------------------------------+-----
Stealth        | 1 2 |  2.0
Fighting       | 3 4 5 7 |  7.1
Throwing       | 2 4 6 |  6.0
Armour         | 5 |  5.0
Dodging        | 4 |  4.0
Shields        | 5 8 |  8.0
Maces & Flails | 2 10 | 10.0
Invocations    | 9 |  9.0
Evocations     | 4 5 |  5.0
Short Blades   | |  2.6

Action                     |  1- 3 |  4- 6 |  7- 9 | 10-12 || total
---------------------------+-------+-------+-------+-------++-------
  Melee: Rapier            |    47 |    35 |       |       ||    82
         Punch             |     1 |     2 |       |       ||     3
         Dagger            |       |    47 |    20 |       ||    67
         Whip              |       |       |   171 |    74 ||   245
         Flail             |       |       |     1 |    65 ||    66
  Throw: Javelin           |     2 |     6 |       |       ||     8
         Stone             |       |     6 |       |       ||     6
         Dart              |       |       |     4 |       ||     4
 Invoke: Ancestor Life: Ba |     1 |       |       |       ||     1
         Recall Ancestor   |       |       |       |     2 ||     2
    Use: Scroll            |       |    13 |     5 |     2 ||    20
         Potion            |       |     1 |     1 |     4 ||     6
   Stab: Sleeping          |     3 |       |       |       ||     3
         Distracted        |       |       |     1 |       ||     1
 Armour: Leather armour    |    11 |       |       |       ||    11
         Scale mail        |       |    30 |    62 |    57 ||   149
  Dodge: Dodged            |    37 |    22 |    66 |    49 ||   174
  Block: Other             |     1 |    10 |       |       ||    11
         Kite shield       |       |    10 |   123 |   116 ||   249

Table legend: (Time is in decaauts)
 A = Elapsed time spent in this place.
 B = Non-inter-level travel time spent in this place.
 C = Inter-level travel time spent in this place.
 D = Time resting spent in this place.
 E = Time spent auto-exploring this place.
 F = Levels seen in this place.
 G = Mean time per level.
                   A        B        C        D        E       F      G
               +--------+--------+--------+--------+--------+-----+--------+
         Total |   8652 |   8287 |    365 |   1137 |   5996 |  10 |  865.2 |
       Dungeon |   6915 |   6582 |    333 |    405 |   5241 |   8 |  864.4 |
          Lair |   1736 |   1705 |     31 |    732 |    755 |   2 |  868.0 |
               +--------+--------+--------+--------+--------+-----+--------+

Top non-repeatable levels by time:
  Lair:1: 1612 daAuts
     D:8: 1266 daAuts
     D:2: 1074 daAuts
     D:1: 972 daAuts
     D:5: 927 daAuts
     D:6: 803 daAuts
     D:3: 761 daAuts
     D:4: 597 daAuts
     D:7: 511 daAuts
  Lair:2: 124 daAuts
